 Dungeon Crawl Stone Soup version 0.30-b1-2-g02819fbbbe (webtiles) character file.

Game seed: 12882855465273363171

1689 raph the Carver (level 8, -2/65 (67) HPs)
             Began as a Minotaur Fighter on Dec 31, 2023.
             Was a Follower of Makhleb.
             Slain by a wight
             ... wielding a +4 trident
              (3 damage)
             ... on level 7 of the Dungeon.
             The game lasted 00:06:53 (5365 turns).

raph the Carver (Minotaur Fighter)                  Turns: 5365, Time: 00:06:54

HP:   -2/65 (67)    AC:  9    Str: 21    XL:     8   Next: 72%
MP:   8/8           EV:  9    Int:  5    God:    Makhleb [*.....]
Gold: 93            SH: 10    Dex: 12    Spells: 7/7 levels left

rFire   . . .        a - +0 long sword
rCold   . . .        u - +1 kite shield {reflect}
rNeg    . . .        b - +0 scale mail
rPois   +            (helmet restricted)
rElec   .            (no cloak)
rCorr   .            (no gloves)
SInv    .            i - +1 pair of boots
Will    .....        k - amulet of regeneration Stlth
                     g - ring of poison resistance
HPRegen 1.10/turn    (no ring)
MPRegen 0.11/turn

%: reflection
@: mighty, lightly drained
A: horns 2, retaliatory headbutt
a: Renounce Religion


You were on level 7 of the Dungeon.
You worshipped Makhleb.
Makhleb was aware of your devotion.
You visited 1 branch of the dungeon, and saw 7 of its levels.

You collected 333 gold pieces.
You spent 240 gold pieces at shops.

Inventory:

Hand Weapons
 a - a +0 long sword (weapon)
Missiles
 h - 26 poisoned darts (quivered)
 j - 4 javelins
 t - a throwing net
Armour
 b - a +0 scale mail (worn)
 c - a +0 buckler
 i - a +1 pair of boots (worn)
 u - a +1 kite shield of reflection (worn)
Jewellery
 g - a ring of poison resistance (left hand)
 k - an amulet of regeneration (around neck)
 x - a ring of flight
Wands
 q - a wand of mindburst (11)
Scrolls
 e - a scroll of blinking
 l - a scroll of amnesia
 n - 5 scrolls of teleportation
 p - 2 scrolls of magic mapping
 r - a scroll of poison
Potions
 d - 2 potions of might
 f - 3 potions of curing
 m - a potion of flight
 o - a potion of invisibility
 s - 2 potions of attraction
 v - a potion of brilliance {unknown}
 w - a potion of magic {unknown}


   Skills:
 + Level 4.6 Fighting
 + Level 11.5 Long Blades
 + Level 4.5 Armour
 + Level 2.2 Dodging
 * Level 5.5 Shields
 + Level 2.1 Invocations


You had 7 spell levels left.
You didn't know any spells.
Your spell library was empty.

Dungeon Overview and Level Annotations

Branches:
Dungeon (7/15)
 Temple: D:4-7

Altars:
Dithmenos
Fedhas
Makhleb
Nemelex Xobeh
Trog
Vehumet

Shops:
D:4 *   D:5 !   D:6 (

Annotations:
D:3 Sigmund


Innate Abilities, Weirdness & Mutations

You have a pair of horns on your head.
You reflexively headbutt those who attack you in melee.


Message History

You are too injured to fight recklessly!
You are too injured to fight recklessly!
You barely miss the orc wizard. You block the wight's attack.
The wight barely misses you. You block the orc wizard's attack.
You slash the orc wizard!
The orc wizard is severely wounded.
You block the wight's attack.
The orc wizard hits you with a +0 dagger.
The wight hits you but does no damage.
You slice the orc wizard!!
You kill the orc wizard!
Makhleb accepts your kill.
You feel better. The wight closely misses you.
You hear some strange, mumbled words.
Something tries to affect you, but you resist.
You block the wight's attack.
You slash the wight!
The wight is heavily damaged.
The wight hits you from afar with a +4 trident.
The wight hits you with a +3 great sword!!
* * * LOW HITPOINT WARNING * * *
You barely miss the wight.
The wight is heavily damaged.
The wight hits you from afar with a +4 trident.
* * * LOW HITPOINT WARNING * * *
You feel drained.
* * * LOW HITPOINT WARNING * * *
Something completely misses you. The wight closely misses you.
You slash the wight!
You destroy the wight!
Makhleb accepts your kill.
Your life force feels restored.
Something hits you.
* * * LOW HITPOINT WARNING * * *
Items here: $ ( )))) [[[ †.
A hornet comes into view.
You block the wight's attack. The wight hits you with a +4 trident!
* * * LOW HITPOINT WARNING * * *
You feel drained.
You die...

#.####### ..
#'#####^# #.y#
#...)...# .#..##
#..._...# .....#
##..)..###....'.
#
##...##......#.
#.
##)###........
###.. #))#z.#
......##z@.##.#
#....)......#
##..##))##### #?
#........ #.
#.....##. ..
......... #.
##.###.... # ...
...# .## ...


You could see a hornet (wandering) and 2 wights.

Vanquished Creatures
  A hornet (D:6)
  A black bear (D:6)
  An ice beast (D:6)
  2 orc warriors
  An ogre (D:5)
  A centaur (D:7)
  A kobold brigand (D:7)
  A bullfrog (D:6)
  2 scorpions (D:7)
  3 wights (D:7)
  A howler monkey (D:6)
  3 orc priests
  A hound (D:5)
  3 sleepcaps
  An iguana (D:7)
  4 orc wizards
  9 adders
  3 ufetubi
  A dart slug (D:5)
  9 orcs
  4 bats
  6 endoplasms
  A giant cockroach (D:3)
  8 goblins
  4 hobgoblins
  5 jackals
  4 quokkas
  6 ball pythons
  2 frilled lizards
  6 kobolds
  7 rats
102 creatures vanquished.

Vanquished Creatures (others)
  A plant (D:3)
1 creature vanquished.

Grand Total: 103 creatures vanquished

Notes
Turn   | Place    | Note
-------+----------+-------------------------------------------
     0 | D:1      | raph the Minotaur Fighter began the quest for the Orb.
     0 | D:1      | Reached XP level 1. HP: 19/19 MP: 0/0
   315 | D:1      | Reached skill level 3 in Long Blades
   344 | D:1      | Reached XP level 2. HP: 18/26 MP: 1/1
  1388 | D:2      | Reached skill level 4 in Long Blades
  1893 | D:3      | Reached XP level 3. HP: 31/31 MP: 2/2
  2156 | D:3      | Reached skill level 5 in Long Blades
  2159 | D:3      | Noticed Sigmund
  2444 | D:3      | Reached XP level 4. HP: 39/39 MP: 3/3
  2497 | D:3      | Found a faded altar of an unknown god.
  2598 | D:3      | Found a blossoming altar of Fedhas.
  2824 | D:4      | Found a shadowy altar of Dithmenos.
  2918 | D:4      | Found a burning altar of Makhleb.
  2929 | D:4      | Reached skill level 6 in Long Blades
  2931 | D:4      | Became a worshipper of Makhleb the Destroyer
  3124 | D:4      | Found Zivvuob's General Store.
  3130 | D:4      | Bought a +1 pair of boots for 149 gold pieces
  3130 | D:4      | Bought a scroll of identify for 26 gold pieces
  3130 | D:4      | Bought a scroll of identify for 26 gold pieces
  3130 | D:4      | Bought a potion of curing for 39 gold pieces
  3159 | D:4      | Reached XP level 5. HP: 45/45 MP: 4/4
  3630 | D:5      | Entered Level 5 of the Dungeon
  3647 | D:5      | Found Alyme's Distillery.
  3690 | D:5      | Noticed an ogre
  3704 | D:5      | Killed an ogre
  3705 | D:5      | Reached skill level 7 in Long Blades
  3718 | D:5      | Found a radiant altar of Vehumet.
  3810 | D:5      | Found a sparkling altar of Nemelex Xobeh.
  3864 | D:5      | Reached XP level 6. HP: 51/51 MP: 5/5
  4013 | D:5      | Identified a scroll of acquirement
  4013 | D:5      | Acquired a +1 kite shield of reflection
  4368 | D:6      | Noticed a hornet
  4384 | D:6      | Killed a hornet
  4385 | D:6      | Reached skill level 9 in Long Blades
  4387 | D:6      | Reached XP level 7. HP: 13/57 MP: 6/6
  4465 | D:6      | Reached skill level 10 in Long Blades
  4596 | D:6      | Found Zez Araman's Weapon Boutique.
  4905 | D:6      | Reached skill level 11 in Long Blades
  4928 | D:6      | Reached * piety under Makhleb
  5131 | D:6      | Reached XP level 8. HP: 66/66 MP: 7/7
  5244 | D:7      | Found a bloodstained altar of Trog.
  5262 | D:7      | Reached skill level 1 in Dodging
  5281 | D:7      | Reached skill level 1 in Invocations
  5331 | D:7      | Reached skill level 5 in Shields
  5365 | D:7      | Noticed a hornet
  5365 | D:7      | HP: 1/67 [wight/+4 trident (10)]
  5365 | D:7      | Slain by a wight

Illustrated notes

Levels and vault maps discovered:
D:1:      minmay_arrival_plants_in_alcoves, layout_basic
D:2:      kb_forest_paths, layout_basic
D:3:      layout_basic, fedhas_ov_isle_minmay,
          shapermc_ecumenical_altar_totnotflames,
          chequers_serial_rivers_micro_a, saegor_snake_ambush, uniq_sigmund
D:4:      layout_loops_ring, nicolae_dithmenos_the_darkroom,
          overflow_temple_1_default, serial_shops, shop
D:5:      layout_gridville, nemelex_xobeh_ov_fountains_minmay,
          nicolae_vehumet_altar_sigil, serial_shops, shop
D:6:      layout_basic, serial_shops, shop, corexii_hall_statues_x
D:7:      layout_rooms, trog_butcher_becter, lemuel_doored_altar,
          minmay_temple_entry_antechambers, gammafunk_ghost_necromancy

Skill      XL: |  1  2  3  4  5  6  7  8 |
---------------+-------------------------+-----
Long Blades    | 3 4 5 6 7 9 11 | 11.5
Shields        | 5 |  5.5
Dodging        | 2 |  2.2
Fighting       | 4 |  4.6
Armour         | 4 |  4.5
Invocations    | 2 |  2.1

Action                     |  1- 3 |  4- 6 |  7- 9 || total
---------------------------+-------+-------+-------++-------
  Melee: Long sword        |   103 |   101 |   152 ||   356
         Headbutt          |     9 |    16 |    24 ||    49
  Throw: Dart              |       |     3 |       ||     3
  Evoke: Wand              |       |     2 |       ||     2
    Use: Scroll            |     5 |     8 |       ||    13
         Potion            |       |     2 |     1 ||     3
 Armour: Scale mail        |    50 |    39 |    57 ||   146
  Dodge: Dodged            |    61 |    48 |    49 ||   158
  Block: Buckler           |    33 |    20 |       ||    53
         Kite shield       |       |     7 |    63 ||    70
         Reflection        |       |       |     1 ||     1
